 Dungeon Crawl Stone Soup version 0.28-a0-1510-gd0f6b136d3 (webtiles) character file.

Game seed: 14545163951416703502

128 bande the Skirmisher (level 5, -11/33 HPs)
             Began as a Gargoyle Fighter on Jan 16, 2022.
             Mangled by an ogre (13 damage)
             ... on level 3 of the Dungeon.
             The game lasted 00:02:54 (2109 turns).

bande the Skirmisher (Gargoyle Fighter)             Turns: 2109, Time: 00:02:55

Health: -11/33     AC: 11    Str: 25    XL:     5   Next: 12%
Magic:  5/5        EV:  9    Int:  9    God:
Gold:   93         SH:  4    Dex: 11    Spells: 4/4 levels left

rFire   . . .      SeeInvis .   a - +0 war axe
rCold   . . .      Faith    .   c - +0 buckler
rNeg    + . .      Spirit   .   b - +0 scale mail
rPois   ∞          Reflect  .   (no helmet)
rElec   +          Harm     .   (no cloak)
rCorr   .          Rampage  .   (no gloves)
Will    .....                   (no boots)
Stlth   ..........              (no amulet)
HPRegen 0.11/turn               j - +6 ring of strength
MPRegen 0.09/turn               (no ring)

@: no status effects
A: sickness immunity, AC +4, negative energy resistance 1, electricity
resistance, torment resistance 1, petrification resistance
a: no special abilities


You were on level 3 of the Dungeon.
You visited 1 branch of the dungeon, and saw 3 of its levels.

You collected 93 gold pieces.

Inventory:

Hand Weapons
 a - a +0 war axe (weapon)
Armour
 b - a +0 scale mail (worn)
 c - a +0 buckler (worn)
 f - an orb of light
Jewellery
 j - a +6 ring of strength (left hand)
 l - a +4 ring of slaying
Scrolls
 m - a scroll of holy word {unknown}
Potions
 d - a potion of might
 e - a potion of attraction {unknown}
 g - 2 potions of curing
 h - a potion of heal wounds {unknown}
 i - a potion of resistance {unknown}
 k - a potion of degeneration {unknown}


   Skills:
 + Level 4.1 Fighting
 + Level 3.4 Axes
 + Level 4.0 Armour
 + Level 3.7 Shields


You had 4 spell levels left.
You didn't know any spells.
Your spell library was empty.

Dungeon Overview and Level Annotations

Branches:
Dungeon (3/15)

Altars:


Innate Abilities, Weirdness & Mutations

You are immune to sickness and miasma.
Your stone body is resilient. (AC +4)
You are immune to poison.
You resist negative energy. (rN+)
You are resistant to electric shocks. (rElec)
You are resistant to unholy torment.
You are immune to petrification.


Message History

The goblin shouts!
You hear an angry hiss.
There is an open door here.
An adder comes into view.
The adder moves out of view.
You slash the endoplasm!
You kill the endoplasm!
A frilled lizard comes into view.
You closely miss the goblin. You block the goblin's attack.
You closely miss the goblin. The goblin hits you but does no damage.
The goblin barely misses you.
You hit the goblin.
You kill the goblin!
You slash the frilled lizard!
You kill the frilled lizard!
Your Armour skill increases to level 4!
No target in view!
No target in view!
No target in view!
No target in view!
No target in view!
No target in view!
Things that are here:
a +0 dagger; a goblin corpse A worm comes into view.
An ogre comes into view. It is wielding a +0 giant club.
A rat comes into view.
The ogre shouts!
You hear an angry hiss.
You slash the ogre!
The ogre is moderately wounded.
You barely miss the worm.
The ogre hits you with a +0 giant club!!
Ouch! That really hurt!
* * * LOW HITPOINT WARNING * * *
The worm bites you.
* * * LOW HITPOINT WARNING * * *
You hit the ogre but do no damage.
The ogre is moderately wounded.
You slash the worm! You completely miss the rat.
The rat bites you but does no damage. The ogre hits you with a +0 giant club!
You die...

##########
#........#
+........##### .
#........#..<# ...
#.^......#.###
....###.....)..'.#
......r........###
#...SO@...#####
#....w....#
#.........#
#.........#
#.........#
#.........#
#.........#
#.........#


You could see an ogre, a worm, an adder and a rat.

Vanquished Creatures
  Natasha (twice) (D:2)
  A gnoll (D:1)
  An adder (D:2)
  2 worms (D:2)
  2 dart slugs (D:1)
  6 ball pythons
  5 endoplasms
  2 giant cockroaches (D:2)
  3 hobgoblins
  4 jackals (D:1)
  4 quokkas
  2 bats (D:1)
  A frilled lizard (D:3)
  7 goblins
  4 kobolds
  6 rats
52 creatures vanquished.

Notes
Turn   | Place    | Note
-------+----------+-------------------------------------------
     0 | D:1      | bande the Gargoyle Fighter began the quest for the Orb.
     0 | D:1      | Reached XP level 1. HP: 14/14 MP: 1/1
    32 | D:1      | Reached XP level 2. HP: 19/19 MP: 2/2
   286 | D:1      | Reached XP level 3. HP: 24/24 MP: 3/3
   346 | D:1      | Found a faded altar of an unknown god.
   928 | D:2      | Noticed Natasha
   935 | D:2      | Reached XP level 4. HP: 18/29 MP: 4/4
   936 | D:2      | Killed Natasha
  1706 | D:2      | Noticed Natasha
  1715 | D:2      | Killed Natasha
  1743 | D:2      | Reached XP level 5. HP: 31/33 MP: 5/5
  2104 | D:3      | Noticed an ogre
  2109 | D:3      | Mangled by an ogre

Illustrated notes

Levels and vault maps discovered:
D:1:      psy_arrival_basics, layout_rooms, chequers_ecumenical_altar_simple
D:2:      layout_basic, uniq_natasha
D:3:      minmay_angry_zag, layout_basic

Skill      XL: |  1  2  3  4  5 |
---------------+----------------+-----
Axes           | 2 3 |  3.4
Fighting       | 4 |  4.1
Armour         | 4 |  4.0
Shields        | |  3.7

Action                   |  1- 3 |  4- 6 || total
-------------------------+-------+-------++-------
Melee: War axe           |    87 |    52 ||   139
  Use: Scroll            |     1 |     2 ||     3
Armor: Scale mail        |    51 |    26 ||    77
Dodge: Dodged            |    46 |    24 ||    70
Block: Buckler           |    15 |     8 ||    23

Table legend: (Time is in decaauts)
 A = Elapsed time spent in this place.
 B = Non-inter-level travel time spent in this place.
 C = Inter-level travel time spent in this place.
 D = Time resting spent in this place.
 E = Time spent auto-exploring this place.
 F = Levels seen in this place.
 G = Mean time per level.
                   A        B        C        D        E       F      G
               +--------+--------+--------+--------+--------+-----+--------+
         Total |   2164 |   2164 |      0 |    553 |   1197 |   3 |  721.3 |
       Dungeon |   2164 |   2164 |      0 |    553 |   1197 |   3 |  721.3 |
               +--------+--------+--------+--------+--------+-----+--------+

Top non-repeatable levels by time:
     D:2: 1483 daAuts
     D:1: 658 daAuts
     D:3: 22 daAuts
